 Dungeon Crawl Stone Soup version 0.31-a0-879-g1609e0ac53 (webtiles) character file.

Game seed: 15434062534627269972

1485 Kurtz the Chopper (level 8, -5/73 HPs)
             Began as a Naga Delver on Oct 14, 2023.
             Was an Elder of Makhleb.
             Slain by Maggie
             ... wielding a +2 scimitar of distortion
              (13 damage)
             ... on level 6 of the Dungeon.
             The game lasted 00:14:54 (7707 turns).

Kurtz the Chopper (Naga Delver)                     Turns: 7707, Time: 00:14:56

Health: -5/73      AC:  9    Str: 13 (14) XL:     8   Next: 79%
Magic:  11/11      EV:  1    Int: 11 (12) God:    Makhleb [****..]
Gold:   658        SH:  0    Dex: 11 (14) Spells: 7/7 levels left

rFire   . . .        D - +1 war axe
rCold   . . .        (no shield)
rNeg    . . .        J - +0 plate armour
rPois   +            (no helmet)
rElec   .            v - +0 cloak
rCorr   .            L - +0 pair of gloves
SInv    +            (no barding)
Will    +....        (no amulet) Stlth
                     (no ring)
HPRegen 0.32/turn    (no ring)
MPRegen 0.12/turn

%: no passive effects
@: hasted, quick
A: AC +2, large, see invisible, deformed body, poison resistance, slowness 2,
spit poison 1, naga tail 1
a: Spit Poison, Renounce Religion, Minor Destruction, Lesser Servant of Makhleb,
Major Destruction


You were on level 6 of the Dungeon.
You worshipped Makhleb.
Makhleb was greatly pleased with you.
You visited 2 branches of the dungeon, and saw 7 of its levels.
You also visited: Ossuary.

You collected 658 gold pieces.

Inventory:

Hand Weapons
 a - a +0 hand axe
 j - the +6 rapier of Upheaval {holy, rF+ Str+8}
   (You found it on level 4 of the Dungeon)

   Str+8:     It affects your strength (+8).
   rF+:       It protects you from fire.
 D - a +1 war axe (weapon)
 F - a +0 flail of protection
Missiles
 u - 14 boomerangs
 A - 11 poisoned darts
Armour
 b - a +0 leather armour
 v - a +0 cloak (worn)
 B - a +0 chain mail
 J - a +0 plate armour (worn)
 L - a +0 pair of gloves (worn)
Jewellery
 x - a ring of protection from fire
 C - a ring of magical power
Wands
 g - a wand of digging (3)
Scrolls
 c - 2 scrolls of fog
 d - 12 scrolls of identify {unknown}
 e - 2 scrolls of fear
 m - 5 scrolls of teleportation
 n - 2 scrolls of noise {unknown}
 o - 3 scrolls of enchant weapon
 p - 2 scrolls of amnesia {unknown}
 y - a scroll of acquirement {unknown}
 G - 3 scrolls of vulnerability
Potions
 f - 2 potions of haste
 l - 2 potions of ambrosia
 q - a potion of invisibility {unknown}
 r - 3 potions of heal wounds {unknown}
 s - a potion of brilliance {unknown}
 t - 3 potions of mutation {unknown}
 w - 4 potions of might {unknown}
 z - a potion of cancellation {unknown}
 E - 2 potions of enlightenment {unknown}
 H - 2 potions of curing {unknown}
 K - a potion of lignification {unknown}


   Skills:
 * Level 4.9 Fighting
 * Level 7.7 Axes
 - Level 4.0 Dodging
 - Level 7.2 Stealth
 * Level 4.7 Invocations


You had 7 spell levels left.
You didn't know any spells.
Your spell library contained the following spells:

 Spells                   Type           Power      Damage    Failure   Level
 Magic Dart               Conj           0%         1d3       100%        1
 Blink                    Tloc           0%         N/A       100%        2
 Ensorcelled Hibernation  Hex/Ice        0%         N/A       100%        2
 Jinxbite                 Hex            0%         N/A       100%        2
 Lesser Beckoning         Tloc           0%         N/A       100%        2
 Searing Ray              Conj           0%         2d4       100%        2
 Dazzling Flash           Conj/Hex       0%         N/A       100%        3
 Gell's Gravitas          Tloc           0%         N/A       100%        3
 Teleport Other           Tloc           0%         N/A       100%        3
 Volatile Blastmotes      Fire/Tloc      0%         2d10      100%        3
 Anguish                  Hex/Necr       0%         N/A       100%        4
 Fulminant Prism          Conj/Hex       0%         3d5       100%        4
 Manifold Assault         Tloc           0%         N/A       100%        4
 Starburst                Conj/Fire      0%         6d3       100%        6
 Maxwell's Capacitive Co  Air            0%         ∞         100%        8


Dungeon Overview and Level Annotations

Branches:
Dungeon (6/15)             Temple (1/1) D:5         Ossuary (visited)

Altars:
Ashenzari
Cheibriados
Dithmenos
Elyvilon
Fedhas
Hepliaklqana
Kikubaaqudgha
Makhleb
Qazlal
Ru
Sif Muna
Trog
Vehumet
Wu Jian
Xom
Yredelemnul
Zin
The Shining One

Annotations:
D:4 2 transporters, exclusions: door and oklob plant
D:5 3 runed translucent doors, exclusions: downstairs, 2 orcs and 2 orc wizards, Bosh's ghost, amateur HOBe
D:6 Maggie


Innate Abilities, Weirdness & Mutations

Your serpentine skin is tough. (AC +2)
You have supernaturally acute eyesight. (SInv)
Armour fits poorly on your strangely shaped body.
Your system is resistant to poisons. (rPois)
You cover ground very slowly.
You can spit poison.
You have a snake-like lower body.


Message History

Maggie resists with some effort.
The now-empty wand crumbles to dust.
Maggie zaps a wand.
You resist with significant effort.
Unknown command.
You feel yourself speed up.
Maggie hits you with a +2 scimitar of distortion.
Space warps around you.
Throw: throwing net
Press: ? - help, Q - select action, (/) - cycle Shift-Dir - straight line, f/p - Maggie
Aim: Maggie, wielding a +2 scimitar of distortion, wearing +0 steam dragon scales and carrying a wand of mindburst (57% to hit)
You throw a throwing net. The throwing net closely misses Maggie.
Maggie hits you with a +2 scimitar of distortion!
Space warps around you!
You closely miss Maggie.
Maggie hits you with a +2 scimitar of distortion!
Space warps around you.
It was a potion of ambrosia.
You are confused.
You feel invigorated.
You bump into the rock wall.
Maggie hits you with a +2 scimitar of distortion!
* * * LOW HITPOINT WARNING * * *
Space warps around you.
* * * LOW HITPOINT WARNING * * *
You bump into the rock wall.
Maggie mumbles some strange words.
Maggie attempts to bespell you!
You easily resist.
You hit Maggie.
Maggie is lightly wounded.
You're too confused to move!
Maggie hits you with a +2 scimitar of distortion.
* * * LOW HITPOINT WARNING * * *
Space warps horribly around you!
* * * LOW HITPOINT WARNING * * *
It was a potion of degeneration.
There was something very wrong with that liquid.
You feel weakened.
You feel dopey.
You feel clumsy.
You feel less invigorated.
You feel less confused. Maggie hits you but does no damage.
Space warps horribly around you!
You die...

..# ##.## #.
...# #..# ##
#...# #.## #
#...## ##.# #
#....## #..#
# #....##
##.## #
#.....####..#
#
#.....##...#
#
##...@@...(#
#
#...#####...#
# #...###
##...# .
#..... ##..#
. ...... #...
.. ...... .##
#. ...... #
## ....


You could see Maggie.

Vanquished Creatures
  2 black bears
  2 ogres (D:4)
  A kobold brigand (D:4)
  2 elf skeletons (D:4)
  A howler monkey (D:4)
  3 hounds
  2 gnoll boudas (D:4)
  3 orc priests
  A sleepcap (D:5)
  A human skeleton (D:4)
  2 iguanas (D:5)
  An orc wizard (D:6)
  8 mummies (Ossuary)
  7 adders
  18 gnolls (D:4)
  2 worms (D:2)
  2 dart slugs (D:2)
  36 orcs
  14 endoplasms
  3 giant cockroaches
  A gnoll zombie (Ossuary)
  9 goblins
  7 hobgoblins
  11 jackals (D:4)
  7 kobolds
  4 quokkas
  7 ball pythons
  10 bats
  5 frilled lizards
  2 hobgoblin zombies (Ossuary)
  2 kobold zombies (Ossuary)
  2 orc skeletons (D:4)
  4 orc zombies
  7 rats
189 creatures vanquished.

Vanquished Creatures (collateral kills)
  2 gnolls (D:4)
2 creatures vanquished.

Grand Total: 191 creatures vanquished

Notes
Turn   | Place    | Note
-------+----------+-------------------------------------------
     0 | D:5      | Kurtz the Naga Delver began the quest for the Orb.
     0 | D:5      | Reached XP level 1. HP: 21/21 MP: 1/1
    69 | D:5      | Found a staircase to the Ecumenical Temple.
    79 | Temple   | Entered the Ecumenical Temple
   172 | Temple   | Became a worshipper of Makhleb the Destroyer
   223 | D:4      | Noticed a centaur
   223 | D:4      | Found a transporter.
   224 | D:4      | Found an ancient bone altar of Kikubaaqudgha.
   227 | D:4      | Identified the +6 rapier of Upheaval {holy, rF+ Str+8}
   322 | D:4      | Reached skill level 1 in Invocations
   322 | D:4      | Reached XP level 2. HP: 28/28 MP: 1/3
   322 | D:4      | Reached XP level 3. HP: 34/34 MP: 1/4
   328 | D:4      | Found a sand-covered staircase.
   331 | D:4      | Reached XP level 4. HP: 42/42 MP: 2/5
   333 | Ossuary  | Entered an ossuary
   515 | Ossuary  | Reached XP level 5. HP: 48/49 MP: 5/7
   767 | D:4      | Reached XP level 6. HP: 32/56 MP: 8/8
   891 | D:4      | Found a glowing golden altar of the Shining One.
  1140 | D:2      | Reached * piety under Makhleb
  1255 | D:1      | Found a faded altar of an unknown god.
  1536 | D:1      | Reached ** piety under Makhleb
  2282 | D:2      | Found a shadowy altar of Dithmenos.
  2408 | D:2      | Reached XP level 7. HP: 62/62 MP: 10/10
  2910 | D:3      | Found an ornate altar of the Wu Jian Council.
  3001 | D:3      | Reached *** piety under Makhleb
  3415 | D:4      | Found a blossoming altar of Fedhas.
  3429 | D:4      | Noticed an oklob plant
  3510 | D:4      | Reached skill level 5 in Axes
  4015 | D:4      | Identified the staff "Ynayz" {rPois rN+ Dex+3 Poison}
  4083 | D:4      | Reached **** piety under Makhleb
  4135 | D:4      | Reached XP level 8. HP: 32/72 MP: 11/11
  4295 | D:4      | Found a transporter.
  4341 | D:4      | Found a hazy altar of Hepliaklqana.
  4347 | D:4      | Found a shadowy altar of Dithmenos.
  4347 | D:4      | Noticed a shadow
  5625 | D:5      | Found a white marble altar of Elyvilon.
  5828 | D:5      | Found a runed translucent gate.
  5829 | D:5      | Found a runed translucent gate.
  5830 | D:5      | Found a runed translucent gate.
  6883 | D:5      | Noticed Bosh's ghost (amateur HOBe)
  7216 | D:6      | Noticed Maggie
  7707 | D:6      | Slain by Maggie

Illustrated notes

Levels and vault maps discovered:
D:1:      scummos_arrival_star, layout_loops_ring,
          shapermc_ecumenical_altar_venn, minmay_tiny_reverse_x
D:2:      layout_basic, basic_altar, minmay_ruptured
D:3:      layout_loops_ring, overflow_temple_1_default
D:4:      lemuel_castle_with_subvaults [lemuel_castle_interior_carwin_1],
          layout_rooms, riverfiend_overflow_shadow_ancestor, tgw_fedhas,
          gammafunk_temple_overflow_arena, tso_oasis_becter,
          nicolae_ossuary_entry_catacombs, kennysheep_small_square
D:5:      layout_loops_corners, nicolae_overflow_crystal_walls,
          minmay_temple_entry_poolview, ebering_ghost_rock_garden,
          kennysheep_generic_room_14
D:6:      layout_cave_pods, nicolae_figureground_pulse, uniq_sigmund,
          uniq_jeremiah, uniq_maggie
Temple:   jpeg_temple_clearing

Skill      XL: |  1  2  3  4  5  6  7  8 |
---------------+-------------------------+-----
Dodging        | 2 3 4 |  4.0
Invocations    | 1 2 3 4 |  4.7
Axes           | 3 4 5 7 |  7.7
Fighting       | 4 |  4.9
Stealth        | |  7.2

Action                     |  1- 3 |  4- 6 |  7- 9 || total
---------------------------+-------+-------+-------++-------
  Melee: Rapier            |    11 |   163 |    47 ||   221
         War axe           |       |       |   318 ||   318
         Punch             |       |       |     6 ||     6
  Throw: Throwing net      |       |       |     1 ||     1
 Invoke: Minor Destruction |       |       |     9 ||     9
         Lesser Servant of |       |       |     1 ||     1
Ability: Spit Poison       |       |     1 |    13 ||    14
  Evoke: Wand              |       |       |     9 ||     9
    Use: Scroll            |     1 |       |     3 ||     4
         Potion            |       |       |     4 ||     4
   Stab: Sleeping          |     2 |    19 |     6 ||    27
         Distracted        |       |     1 |     3 ||     4
 Armour: Leather armour    |     9 |    79 |   232 ||   320
         Plate armour      |       |       |    80 ||    80
  Dodge: Dodged            |     8 |    63 |   205 ||   276

Table legend: (Time is in decaauts)
 A = Elapsed time spent in this place.
 B = Non-inter-level travel time spent in this place.
 C = Inter-level travel time spent in this place.
 D = Time resting spent in this place.
 E = Time spent auto-exploring this place.
 F = Levels seen in this place.
 G = Mean time per level.
                   A        B        C        D        E       F      G
               +--------+--------+--------+--------+--------+-----+--------+
         Total |   9639 |   8698 |    941 |   1907 |   4631 |   8 | 1204.9 |
       Dungeon |   9129 |   8229 |    900 |   1810 |   4469 |   6 | 1521.5 |
        Temple |     41 |      1 |     40 |      0 |      0 |   1 |   41.0 |
       Ossuary |    468 |    468 |      0 |     97 |    162 |   1 |  468.0 |
               +--------+--------+--------+--------+--------+-----+--------+

Top non-repeatable levels by time:
     D:4: 2908 daAuts
     D:5: 2482 daAuts
     D:3: 1118 daAuts
     D:1: 1107 daAuts
     D:2: 985 daAuts
     D:6: 527 daAuts
 Ossuary: 468 daAuts
  Temple: 41 daAuts
